 Dungeon Crawl Stone Soup version 0.25-a0-614-g73ad250 (webtiles) character file.

Game seed: 5116059433764851990, levelgen mode: deterministic

384 15 the Bolt Thrower (level 7, -3/52 HPs)
             Began as a Formicid Hunter on Mar 17, 2020.
             Was an Initiate of Okawaru.
             Slain by an ice beast (7 damage)
             ... on level 5 of the Dungeon on Mar 18, 2020.
             The game lasted 00:12:18 (2693 turns).

15 the Bolt Thrower (Formicid Hunter)               Turns: 2693, Time: 00:12:20

Health: -3/52      AC: 10    Str: 19      XL:     7   Next: 6%
Magic:  8/8        EV:  8    Int: 12      God:    Okawaru [......]
Gold:   205        SH:  0    Dex: 10 (11) Spells: 7/8 levels left

rFire    . . .     SeeInvis +   o - +1 falchion (flame)
rCold    . . .     Gourm    .   (no shield)
rNeg     . . .     Faith    .   h - +0 chain mail
rPois    .         Spirit   .   (helmet unavailable)
rElec    .         Reflect  .   (no cloak)
rCorr    .         Harm     .   t - +0 pair of gloves
MR       .....                  (no boots)
Stlth    ..........             r - amulet of magic regeneration
HPRegen  0.17/turn              k - +2 ring of strength
MPRegen  0.36/turn              n - +1 ring of protection

@: no status effects
A: permanent stasis, dig shafts and tunnels, four strong arms, antennae 3
a: Dig, Shaft Self, Renounce Religion


You were on level 5 of the Dungeon.
You worshipped Okawaru.
Okawaru was noncommittal.
You were not hungry.

You visited 2 branches of the dungeon, and saw 6 of its levels.

You collected 205 gold pieces.

Inventory:

Hand Weapons
 a - a +1 hand crossbow
 e - a +0 rapier
 m - a +0 flail
 o - a +1 falchion of flaming (weapon)
Missiles
 d - 37 bolts
Armour
 c - a +0 leather armour
 h - a +0 chain mail (worn)
 t - a +0 pair of gloves (worn)
Jewellery
 j - an uncursed ring of magical power
 k - a +2 ring of strength (left hand)
 n - a +1 ring of protection (right hand)
 r - an amulet of magic regeneration (around neck)
Wands
 s - a wand of flame (18)
Scrolls
 i - a scroll of amnesia
 q - 2 scrolls of fog
Potions
 b - a potion of flight
 l - a potion of magic
Comestibles
 f - 4 rations
 g - a chunk of flesh


   Skills:
 * Level 3.6 Fighting
 * Level 6.4 Crossbows
 * Level 1.4 Armour
 * Level 2.4 Dodging
 + Level 2.3 Stealth
 * Level 1.2 Spellcasting
 * Level 0.2 Hexes


You had 7 spell levels left.
You knew the following spells:

 Your Spells              Type           Power        Failure   Level  Hunger
a - Corona                Hex            #......      98%         1    ##.....

Your spell library contained the following spells:

 Spells                   Type           Power        Failure   Level  Hunger
 Animate Skeleton         Necr           N/A          98%         1    ##.....
 Apportation              Tloc           #.....       98%         1    ##.....
 Summon Small Mammal      Summ           #...         98%         1    ##.....


Dungeon Overview and Level Annotations

Branches:
Dungeon (5/15)             Temple (1/1) D:4

Altars:
Ashenzari
Cheibriados
Fedhas
Gozag
Hepliaklqana
Kikubaaqudgha
Makhleb
Nemelex Xobeh
Okawaru
Qazlal
Ru
Sif Muna
Trog
Uskayaw
Vehumet
Wu Jian
Yredelemnul
Zin
The Shining One

Annotations:
D:3 2 transporters


Innate Abilities, Weirdness & Mutations

You cannot be hasted, slowed, berserked, paralysed or teleported.
You can dig through walls and to a lower floor.
Your four strong arms can wield two-handed weapons with a shield.
You have a pair of large antennae on your head. (SInv)


Message History

The ice beast hits you. The ice beast freezes you.
You barely miss the ice beast.
The ice beast is heavily wounded.
An orc wizard comes into view. It is wielding a +0 dagger.
The ice beast hits you but does no damage.
You hit the ice beast.
You melt the ice beast.
The ice beast is severely wounded.
The ice beast barely misses you.
You hit the ice beast but do no damage.
The ice beast is severely wounded.
The orc wizard mumbles some strange words.
The orc wizard blinks!
The ice beast hits you. The ice beast freezes you!
* * * LOW HITPOINT WARNING * * *
You hit the ice beast but do no damage.
The ice beast is severely wounded.
The ice beast hits you but does no damage.
The ice beast hits you.
* * * LOW HITPOINT WARNING * * *
The ice beast freezes you!
You die...

.. #.# ...
#.####
##.####....
........#.#
........#
.Z.#..#
###Z#..######
#@Ycoo§......
######.#.....
... ... .#...
. .#..... .#
.... { .# ...
.# ...


You could see an ice beast, a centaur, an orc wizard, an orc and an adder
zombie.

Vanquished Creatures
  Eustachio (D:4)
  A scorpion (D:4)
  A jelly (D:3)
  Natasha (thrice) (D:4)
  4 adders
  An ooze (D:1)
  An adder skeleton (D:4)
  3 worms (D:2)
  2 dart slugs
  A leopard gecko (D:2)
  11 orcs
  7 bats
  3 giant cockroaches
  2 hobgoblins
  4 kobolds
  A quokka (D:3)
  3 ball pythons
  5 frilled lizards
  6 goblins
  A quokka skeleton (D:4)
  8 rats
69 creatures vanquished.

Notes
Turn   | Place    | Note
-------+----------+-------------------------------------------
     0 | D:1      | 15 the Formicid Hunter began the quest for the Orb.
     0 | D:1      | Reached XP level 1. HP: 16/16 MP: 1/1
    39 | D:1      | Reached XP level 2. HP: 22/22 MP: 2/2
   298 | D:1      | Reached XP level 3. HP: 27/27 MP: 3/3
   663 | D:2      | Reached skill level 5 in Crossbows
   748 | D:2      | Reached XP level 4. HP: 34/34 MP: 4/4
  1217 | D:3      | Reached XP level 5. HP: 39/39 MP: 5/5
  1299 | D:3      | Found a snail-covered altar of Cheibriados.
  1418 | D:3      | Found a transporter.
  1436 | D:3      | Found a transporter.
  1681 | D:4      | Found a sparkling altar of Nemelex Xobeh.
  1694 | D:4      | Noticed Eustachio
  1725 | D:4      | Killed Eustachio
  1725 | D:4      | Reached skill level 6 in Crossbows
  1725 | D:4      | Reached skill level 1 in Armour
  1725 | D:4      | Reached skill level 1 in Spellcasting
  1725 | D:4      | Reached XP level 6. HP: 47/47 MP: 5/7
  1848 | D:4      | Learned a level 1 spell: Corona
  1866 | D:4      | Found a staircase to the Ecumenical Temple.
  1877 | Temple   | Entered the Ecumenical Temple
  2028 | Temple   | Became a worshipper of Warmaster Okawaru
  2158 | D:4      | Found a sacrificial altar of Ru.
  2166 | D:4      | Noticed Natasha
  2171 | D:4      | Killed Natasha
  2183 | D:4      | Noticed Natasha
  2187 | D:4      | Killed Natasha
  2493 | D:4      | Noticed Natasha
  2499 | D:4      | Killed Natasha
  2499 | D:4      | Reached XP level 7. HP: 50/52 MP: 8/8
  2673 | D:5      | Entered Level 5 of the Dungeon
  2693 | D:5      | Slain by an ice beast

Levels and vault maps discovered:
D:1:      lemuel_arrival_room, layout_basic
D:2:      layout_loops_ring
D:3:      gammafunk_steamed_eel, layout_rooms, cheibriados_altar_1
D:4:      layout_loops_corners, nemelex_xobeh_ov_fountains_minmay,
          minmay_temple_entry_sparse_star, hangedman_abyss_or_decor_slice,
          lemuel_tele_altar, uniq_natasha, uniq_eustachio
D:5:      layout_basic, old_standard_altar, first_ration, due_unseen_surprise
Temple:   eino_temple_scatter_basement

Skill      XL: |  1  2  3  4  5  6 |
---------------+-------------------+-----
Dodging        | 2 |  2.4
Crossbows      | 5 6 |  6.4
Fighting       | 3 |  3.6
Armour         | 1 |  1.4
Spellcasting   | 1 |  1.2
Stealth        | 2 |  2.3
Hexes          | |  0.2

Action                   |  1- 3 |  4- 6 |  7- 9 || total
-------------------------+-------+-------+-------++-------
Melee: Flail             |       |    15 |       ||    15
       Falchion          |       |    22 |    12 ||    34
 Fire: Hand crossbow     |    47 |    84 |     2 ||   133
  Use: Scroll            |       |     4 |       ||     4
       Potion            |       |     6 |     1 ||     7
 Stab: Sleeping          |       |     5 |       ||     5
  Eat: Chunk             |       |     5 |       ||     5
Armor: Chain mail        |     7 |    52 |     6 ||    65
Dodge: Dodged            |     2 |    32 |     5 ||    39
       Rpst.: Falchion   |       |     2 |     1 ||     3

Table legend:
 A = Non-vault XP
 B = Vault XP
 C = Vault XP percentage of total XP
 D = Non-vault monster count
 E = Vault monster count
 F = Vault count percentage of total count
                 A         B        C        D         E       F
            +---------+---------+-------+---------+---------+-------
      Total |     362 |     187 |  34.1 |      67 |       2 |   2.9
            +---------+---------+-------+---------+---------+-------
        D:1 |      29 |       0 |   0.0 |      16 |       0 |   0.0
        D:2 |      57 |       0 |   0.0 |      16 |       0 |   0.0
        D:3 |     110 |       0 |   0.0 |      22 |       0 |   0.0
        D:4 |     166 |     187 |  53.0 |      13 |       2 |  13.3
            +---------+---------+-------+---------+---------+-------
